 Dungeon Crawl Stone Soup version 0.28-a0-1038-g9c4cb8273d (webtiles) character file.

Game seed: 7944012979069357843

7473 karkarkar the Thrower (level 10, -17/92 HPs)
             Began as a Minotaur Monk on Dec 7, 2021.
             Was an Elder of Zin.
             Killed from afar by an acid dragon (27 damage)
             ... with a splash of acid
             ... on level 8 of the Dungeon on Dec 8, 2021.
             The game lasted 00:44:19 (13381 turns).

karkarkar the Thrower (Minotaur Monk)              Turns: 13381, Time: 00:44:21

Health: -17/92     AC:  5    Str: 24    XL:     10   Next: 94%
Magic:  13/14      EV:  5    Int: 10    God:    Zin [****..]
Gold:   128        SH:  7    Dex: 15    Spells: 9/9 levels left

rFire   . . .      SeeInvis .   v - +3 trident
rCold   . . .      Faith    .   c - +0 kite shield
rNeg    . . .      Spirit   .   u - +0 plate armour
rPois   ∞          Reflect  .   (helmet restricted)
rElec   .          Harm     .   w - +0 cloak
rCorr   .          Rampage  .   i - +1 pair of gloves
Will    +....                   (no boots)
Stlth   ..........              n - amulet of the acrobat
HPRegen 0.25/turn               m - ring of flight
MPRegen 0.14/turn               G - ring of willpower

@: vitalised, corroded, flying
A: horns 2, retaliatory headbutt
a: Renounce Religion, Recite, Vitalisation, Imprison, Donate Gold


You were on level 8 of the Dungeon.
You worshipped Zin.
Zin was greatly pleased with you.
You visited 1 branch of the dungeon, and saw 9 of its levels.

You collected 500 gold pieces.
You spent 147 gold pieces at shops.
You donated 225 gold pieces to Zin.

Inventory:

Hand Weapons
 g - a +0 war axe
 v - a +3 trident (weapon)
Missiles
 a - 2 boomerangs
 k - 27 poisoned darts
 A - 2 javelins
Armour
 c - a +0 kite shield (worn)
 i - a +1 pair of gloves (worn)
 p - a +0 leather armour of fire resistance
 u - a +0 plate armour (worn)
 w - a +0 cloak (worn)
Jewellery
 m - a ring of flight (left hand)
 n - an amulet of the acrobat (around neck)
 G - a ring of willpower (right hand)
Wands
 l - a wand of flame (10)
 B - a wand of mindburst (8) (quivered)
 E - a wand of digging (8)
Scrolls
 h - a scroll of magic mapping
 q - a scroll of fog
 r - 2 scrolls of enchant armour
 z - a scroll of teleportation
Potions
 b - 2 potions of curing
 d - a potion of magic {unknown}
 e - 3 potions of might
 f - 2 potions of flight {unknown}
 j - a potion of mutation {unknown}
 o - 2 potions of lignification {unknown}
 s - a potion of resistance {unknown}
 t - 4 potions of degeneration {unknown}
 C - a potion of brilliance {unknown}
 F - a potion of heal wounds {unknown}


   Skills:
 + Level 9.7 Fighting
 * Level 9.6 Axes
 - Level 0.2(5.9) Polearms
 - Level 10.0 Throwing
 - Level 0.9 Armour
 - Level 3.8 Dodging
 - Level 2.3 Stealth
 * Level 0.6 Shields
 - Level 7.1 Invocations
 + Level 3.2 Evocations


You had 9 spell levels left.
You didn't know any spells.
Your spell library contained the following spells:

 Spells                   Type           Power      Damage    Failure   Level
 Foxfire                  Conj/Fire      0%         2x1d4     100%        1
 Sandblast                Erth           0%         2d4       100%        1
 Sting                    Tmut/Pois      0%         1d3       100%        1
 Passwall                 Tmut/Erth      0%         N/A       100%        2
 Poisonous Vapours        Pois/Air       0%         N/A       100%        2
 Conjure Flame            Conj/Fire      0%         6-21      100%        3
 Inner Flame              Hex/Fire       0%         N/A       100%        3
 Portal Projectile        Hex/Tloc       0%         N/A       100%        3
 Stone Arrow              Conj/Erth      0%         3d7       100%        3
 Flame Wave               Conj/Fire      0%         2d4       100%        4
 Olgreb's Toxic Radiance  Pois           0%         N/A       100%        4
 Blade Hands              Tmut           0%         N/A       100%        5
 Excruciating Wounds      Necr           0%         N/A       100%        5


Dungeon Overview and Level Annotations

Branches:
Dungeon (9/15)             Temple (0/1) D:4
   Lair: D:8-11         Orc: D:9-12

Altars:
Ashenzari
Dithmenos
Hepliaklqana
Makhleb
Ru
Vehumet
Zin

Shops:
D:3 ?

Annotations:
D:8 2 transporters


Innate Abilities, Weirdness & Mutations

You have a pair of horns on your head.
You reflexively headbutt those who attack you in melee.


Message History

The acid dragon spits acid at you. The splash of acid hits you!!
The acid corrodes you!
The acid dragon bites you but does no damage.
The acid dragon barely misses you. Zin grants you divine stamina.
The acid dragon bites you but does no damage.
The acid dragon claws you but does no damage.
You hit the acid dragon. Your headbutt misses the acid dragon.
The acid dragon is almost dead.
The acid dragon bites you but does no damage.
The acid dragon claws you.
You hit the acid dragon but do no damage.
You headbutt the acid dragon, but do no damage.
The acid dragon is almost dead.
The acid dragon barely misses you. The acid dragon claws you.
You closely miss the acid dragon.
The acid dragon is almost dead.
The acid dragon spits acid at you. The splash of acid hits you!!
* * * LOW HITPOINT WARNING * * *
The acid corrodes you!
You are too injured to fight recklessly!
Throw: 2 boomerangs
Press: ? - help, Q - select action, (/) - cycle Shift-Dir - straight line, f - acid dragon
Aim: an acid dragon (almost dead, 68% to hit)
You throw a boomerang.
The boomerang closely misses the acid dragon.
You block the acid dragon's attack.
The acid dragon claws you but does no damage.
The acid dragon bites you!
* * * LOW HITPOINT WARNING * * *
The acid dragon claws you.
* * * LOW HITPOINT WARNING * * *
Aiming: Mindburst
Press: ? - help, Q - select action, (/) - cycle Shift-Dir - straight line, f/p - acid dragon
Aim: an acid dragon (almost dead, chance to affect: 78%)
The acid dragon barely resists.
The acid dragon spits acid at you. The splash of acid hits you!!
You die...

.##.#.##.......#[##.#.##.#.#..##.
.##.#.##.......#......##.#.#..##.
###............#.##.####.#.#.###.
..#............#..#......#.#.###.
....).......##.#.........#.#..#..
#.##.....#..##.#...#####.#.#.##..
#.##.....#..##.#...#####.#.......
..##.....##.##.#D.....)......#...
................@..#####.#####...
..##...........#.#.# #.........
..#####........#.#.# ######....
..# ####.....#.#.#### #..#.
..#### #.....#....O<# #..#.
.....## #.....#.############..#.
..##..## #.............#.......#.
..##...###.......#####.#.####.##.
#....©........#..# #.#.# #....


You could see an acid dragon (catching breath).

Vanquished Creatures
  3 two-headed ogres
  Pikel (D:4)
  A kobold demonologist (D:9)
  A hornet (D:9)
  Grinder (D:5)
  2 trolls
  4 wyverns
  A yak (D:9)
  Edmund (D:5)
  3 orc warriors
  3 water moccasins
  2 ice beasts
  A sky beast (D:6)
  An ogre (D:6)
  3 centaurs
  A necrophage (D:6)
  2 kobold brigands
  A bullfrog (D:9)
  A water moccasin zombie (D:5)
  A gnoll sergeant (D:9)
  2 water moccasin skeletons
  11 killer bees
  3 wights (D:8)
  2 howler monkeys
  2 centaur zombies (D:9)
  A bullfrog zombie (D:6)
  5 orc priests
  A jelly (D:8)
  A bullfrog skeleton (D:6)
  A centaur skeleton (D:7)
  5 hounds
  An iguana (D:6)
  9 orc wizards
  2 killer bee zombies
  3 hound skeletons
  A howler monkey zombie (D:9)
  Robin (D:4)
  5 adders
  A white imp (D:7)
  2 worms
  2 dart slugs
  16 orcs
  9 endoplasms
  3 giant cockroaches
  6 hobgoblins (D:4)
  7 jackals
  16 kobolds
  3 quokkas (D:1)
  6 ball pythons
  A bat (D:3)
  4 frilled lizards
  10 goblins
  4 rats
180 creatures vanquished.

Vanquished Creatures (collateral kills)
  An iguana (D:4)
1 creature vanquished.

Vanquished Creatures (others)
  3 bushes (D:9)
  2 fungi (D:9)
  42 plants
47 creatures vanquished.

Grand Total: 228 creatures vanquished

Notes
Turn   | Place    | Note
-------+----------+-------------------------------------------
     0 | D:1      | karkarkar the Minotaur Monk began the quest for the Orb.
     0 | D:1      | Reached XP level 1. HP: 19/19 MP: 0/0
    88 | D:1      | Reached XP level 2. HP: 15/27 MP: 1/1
  1401 | D:2      | Reached XP level 3. HP: 29/33 MP: 2/2
  2118 | D:3      | Found Niuxkap's Magic Scroll Emporium.
  2536 | D:3      | Found a broken altar of Ashenzari.
  2536 | D:3      | Found a glowing silver altar of Zin.
  2675 | D:3      | Reached XP level 4. HP: 32/40 MP: 3/3
  2776 | D:3      | Reached skill level 5 in Axes
  3009 | D:3      | Became a worshipper of Zin the Law-Giver
  3009 | D:3      | Reached * piety under Zin
  3009 | D:3      | Reached ** piety under Zin
  3134 | D:4      | Reached XP level 5. HP: 47/47 MP: 4/4
  3136 | D:4      | Noticed Robin
  3138 | D:4      | Killed Robin
  3173 | D:4      | Reached skill level 1 in Invocations
  3201 | D:4      | Reached *** piety under Zin
  3428 | D:4      | Reached skill level 1 in Throwing
  3635 | D:4      | Reached skill level 5 in Fighting
  3635 | D:4      | Reached XP level 6. HP: 56/56 MP: 6/6
  3650 | D:4      | Noticed Pikel
  3669 | D:4      | Killed Pikel
  3670 | D:4      | Reached skill level 3 in Throwing
  3670 | D:4      | Reached XP level 7. HP: 30/61 MP: 6/8
  3866 | D:4      | Found a staircase to the Ecumenical Temple.
  4005 | D:5      | Entered Level 5 of the Dungeon
  4061 | D:5      | Noticed Edmund
  4075 | D:5      | Killed Edmund
  4076 | D:5      | Reached skill level 1 in Evocations
  4233 | D:5      | HP: 1/61 [kobold brigand (3)]
  4259 | D:5      | HP: 1/61 [water moccasin zombie (6)]
  4265 | D:5      | HP: 1/61 [water moccasin zombie (1)]
  4583 | D:5      | Donated 96 gold pieces to Zin
  4698 | D:5      | Noticed Grinder
  4710 | D:5      | Paralysed by Grinder for 2 turns
  4713 | D:5      | Killed Grinder
  4714 | D:5      | Reached XP level 8. HP: 18/70 MP: 7/9
  4979 | D:5      | Found a burning altar of Makhleb.
  5290 | D:5      | Reached **** piety under Zin
  5370 | D:3      | Bought a scroll of blinking for 105 gold pieces
  5437 | D:6      | Reached skill level 4 in Throwing
  5819 | D:3      | Bought a scroll of teleportation for 42 gold pieces
  6359 | D:6      | Found a shadowy altar of Dithmenos.
  6711 | D:6      | Reached skill level 5 in Throwing
  7247 | D:7      | Reached XP level 9. HP: 75/79 MP: 11/11
  7716 | D:7      | Reached ***** piety under Zin
  7842 | D:7      | Found a sacrificial altar of Ru.
  8026 | D:7      | Upgraded the game from 0.28-a0-1033-g1a2f33fa85 to
                  | 0.28-a0-1038-g9c4cb8273d
  8073 | D:8      | Reached skill level 6 in Throwing
  8073 | D:8      | Reached skill level 5 in Invocations
  8233 | D:8      | Noticed a troll
  8242 | D:8      | Killed a troll
  8361 | D:8      | Noticed a two-headed ogre
  8380 | D:8      | Killed a two-headed ogre
  8381 | D:8      | Reached skill level 7 in Throwing
  8816 | D:8      | Found a transporter.
  8853 | D:8      | Found a transporter.
  8857 | D:8      | Noticed a two-headed ogre
  8999 | D:7      | Reached skill level 8 in Throwing
  9793 | D:8      | Reached XP level 10. HP: 65/88 MP: 10/13
 10049 | D:8      | Killed a two-headed ogre
 10050 | D:8      | Reached skill level 9 in Throwing
 11259 | D:8      | Donated 79 gold pieces to Zin
 11834 | D:9      | Found a radiant altar of Vehumet.
 11834 | D:9      | Found a hazy altar of Hepliaklqana.
 11847 | D:9      | Noticed a two-headed ogre
 12129 | D:9      | Paralysed by a hornet for 3 turns
 12402 | D:9      | Identified the +1 robe of Distant Worlds {rF+}
 12432 | D:9      | Killed a two-headed ogre
 12433 | D:9      | Reached skill level 10 in Throwing
 13168 | D:9      | Noticed a two-headed ogre
 13359 | D:9      | Noticed a manticore
 13381 | D:8      | Killed from afar by an acid dragon

Illustrated notes

Levels and vault maps discovered:
D:1:      dpeg_arrival_another_circle, layout_loops_ring,
          lexackson_kobold_supper
D:2:      layout_loops_ring, kennysheep_nub, chequers_serial_rivers_large_a
D:3:      layout_loops_corners, gammafunk_temple_overflow_elements,
          serial_shops, shop
D:4:      layout_rooms, nicolae_overflow_hidden_temple,
          minmay_temple_entry_grid, grunt_decor_arrowhead, uniq_pikel,
          uniq_robin
D:5:      layout_loops_ring, old_standard_altar, uniq_edmund, uniq_grinder
D:6:      layout_layer_cave, lemuel_tele_altar
D:7:      layout_rooms, nicolae_ru_the_path_less_chosen
D:8:      gammafunk_steamed_eel, layout_basic
D:9:      cheibrodos_ideogram_h, layout_layer_cave,
          gammafunk_temple_overflow_wave, minmay_lair_entry_grove

Skill      XL: |  1  2  3  4  5  6  7  8  9 10 |
---------------+-------------------------------+-----
Axes           | 4 5 7 8 9 |  9.6
Fighting       | 4 5 7 8 9 |  9.7
Stealth        | 2 |  2.3
Invocations    | 1 2 3 4 5 7 |  7.1
Throwing       | 1 3 5 8 10 | 10.0
Evocations     | 1 2 3 |  3.2
Polearms       | |  0.2
Armour         | |  0.9
Dodging        | |  3.8
Shields        | |  0.6

Action                   |  1- 3 |  4- 6 |  7- 9 | 10-12 || total
-------------------------+-------+-------+-------+-------++-------
Melee: Hand axe          |   103 |    45 |       |       ||   148
       Headbutt          |    14 |    13 |    38 |    19 ||    84
       War axe           |       |    29 |    34 |       ||    63
       Trident           |       |       |   155 |   139 ||   294
Throw: Dart              |       |    24 |    18 |    40 ||    82
       Javelin           |       |    10 |    36 |     8 ||    54
       Boomerang         |       |       |    25 |    21 ||    46
Invok: Recite            |       |     1 |     2 |     1 ||     4
       Vitalisation      |       |       |     6 |     7 ||    13
       Donate Gold       |       |       |     1 |     1 ||     2
Evoke: Wand              |       |     6 |    16 |     5 ||    27
  Use: Scroll            |     2 |     1 |     7 |     5 ||    15
       Potion            |       |       |     1 |     1 ||     2
 Stab: Sleeping          |     5 |     1 |     1 |       ||     7
Armor: Robe              |     8 |       |       |       ||     8
       Ring mail         |    14 |    29 |    77 |     2 ||   122
       Plate armour      |       |       |       |    63 ||    63
Dodge: Dodged            |    60 |    52 |   128 |    82 ||   322
Block: Kite shield       |       |       |       |     3 ||     3

Table legend: (Time is in decaauts)
 A = Elapsed time spent in this place.
 B = Non-inter-level travel time spent in this place.
 C = Inter-level travel time spent in this place.
 D = Time resting spent in this place.
 E = Time spent auto-exploring this place.
 F = Levels seen in this place.
 G = Mean time per level.
                   A        B        C        D        E       F      G
               +--------+--------+--------+--------+--------+-----+--------+
         Total |  13453 |  13016 |    437 |   3333 |   7514 |   9 | 1494.8 |
       Dungeon |  13453 |  13016 |    437 |   3333 |   7514 |   9 | 1494.8 |
               +--------+--------+--------+--------+--------+-----+--------+

Top non-repeatable levels by time:
     D:8: 2690 daAuts
     D:6: 2251 daAuts
     D:7: 1632 daAuts
     D:9: 1609 daAuts
     D:1: 1252 daAuts
     D:3: 1107 daAuts
     D:5: 1087 daAuts
     D:4: 1050 daAuts
     D:2: 771 daAuts
